 Dungeon Crawl Stone Soup version 0.20.1-1-g8b1a95d (webtiles) character file.

242 TheGuigne the Chopper (level 5, -2/45 HPs)
             Began as a Minotaur Fighter on Aug 12, 2017.
             Was a Follower of Makhleb.
             Slain by a river rat (5 damage)
             ... in a sewer.
             The game lasted 00:03:42 (1613 turns).

TheGuigne the Chopper (Minotaur Fighter)            Turns: 1613, Time: 00:03:43

Health: -2/45      AC:  6    Str: 20    XL:     5   Next: 82%
Magic:  4/4        EV:  7    Int:  6    God:    Makhleb [*.....]
Gold:   114        SH:  9    Dex: 10    Spells: 4/4 levels left

rFire    . . .     SeeInvis .   a - +0 war axe
rCold    . . .     Gourm    .   c - +0 shield
rNeg     . . .     Faith    +   b - +0 scale mail
rPois    .         Spirit   .   (helmet restricted)
rElec    .         Reflect  .   (no cloak)
rCorr    .         Harm     .   (no gloves)
MR       +....                  (no boots)
Stlth    ..........             q - amulet of faith
Regen    0.2/turn               k - ring of protection from magic
MPRegen  0.1/turn               (no ring)

@: no status effects
A: retaliatory headbutt, horns 2, sense surroundings 1, wild magic 1
a: Renounce Religion


You were in a sewer.
You worshipped Makhleb.
Makhleb was aware of your devotion.
You were hungry.

You visited 1 branch of the dungeon, and saw 3 of its levels.
You also visited: Sewer.

You collected 114 gold pieces.

Inventory:

Hand Weapons
 a - a +0 war axe (weapon)
 l - a +0 blowgun
Missiles
 j - 34 poisoned needles
 p - a throwing net (quivered)
Armour
 b - a +0 scale mail (worn)
 c - a +0 shield (worn)
Jewellery
 k - a ring of protection from magic (left hand)
 q - an amulet of faith (around neck)
Wands
 h - a wand of flame (22/48)
Scrolls
 i - 2 scrolls of teleportation
 n - a scroll of amnesia
 r - a scroll of enchant weapon
Potions
 d - a potion of might
 e - a potion of berserk rage {unknown}
 m - a potion of mutation
 o - 2 potions of degeneration {unknown}
 s - a potion of heal wounds {unknown}
Comestibles
 f - 2 bread rations
 g - 7 chunks of flesh


   Skills:
 - Level 3.6 Fighting
 + Level 7.4 Axes
 - Level 3.6 Armour
 - Level 3.6 Shields


You had 4 spell levels left.
You didn't know any spells.

Dungeon Overview and Level Annotations

Branches:
Dungeon (3/15)

Altars:
Dithmenos
Makhleb
Xom


Innate Abilities, Weirdness & Mutations

You reflexively headbutt those who attack you in melee.
You have a pair of horns on your head.
You passively map a small area around you.
Your spells are a little harder to cast, but a little more powerful.


Message History

You feel sick.
You are no longer poisoned.
The river rat twitches its whiskers.
You closely miss the river rat. Your headbutt misses the river rat.
You slash the ooze! The river rat bites you!
* * * LOW HITPOINT WARNING * * *
You block the ooze's attack.
You closely miss the river rat. You slash the ooze!
You kill the ooze!
Makhleb accepts your kill. You block the river rat's attack.
You hit the river rat but do no damage. The river rat bites you.
* * * LOW HITPOINT WARNING * * *
The river rat bites you.
* * * LOW HITPOINT WARNING * * *
It was a potion of mutation.
You feel extremely strange.
You feel a strange attunement to the structure of the dungeons.
You feel less in control of your magic. The river rat bites you.
You die...

#.....≈≈≈≈≈.......#
....≈≈≈≈≈†......# #..
#..≈≈≈≈.......## ##..
##..≈≈≈÷......# #...
##..≈≈≈......##
#...##...≈≈.......####
#.......≈≈......###∩#
##......≈≈......###.#
#..†...≈≈..r@...#..#
#.†....≈≈.........##
#.††...≈≈........##
#.......≈≈.......##
#.......≈≈≈......#
#...#....≈≈≈≈......#
#..###..≈≈≈≈≈......#
#..* #..≈≈≈≈≈....#..
#.. ...≈≈≈≈≈...###.#


You could see a river rat.

Vanquished Creatures
  A big kobold (Sewer)
  Ijyb (D:3)
  4 river rats (Sewer)
  6 adders
  An ooze (Sewer)
  A worm (D:2)
  A leopard gecko (D:3)
  A ball python (Sewer)
  4 giant cockroaches
  2 goblins
  3 hobgoblins
  7 bats
  5 frilled lizards
  6 kobolds
  21 rats
64 creatures vanquished.

Notes
Turn   | Place    | Note
-------+----------+-------------------------------------------
     0 | D:1      | TheGuigne the Minotaur Fighter began the quest for the Orb.
     0 | D:1      | Reached XP level 1. HP: 19/19 MP: 0/0
    62 | D:1      | Reached skill level 3 in Axes
   135 | D:1      | Reached XP level 2. HP: 25/26 MP: 1/1
   386 | D:2      | Found a shadowy altar of Dithmenos.
   440 | D:2      | Reached skill level 4 in Axes
   440 | D:2      | Reached XP level 3. HP: 23/31 MP: 2/2
   813 | D:2      | Reached skill level 5 in Axes
   916 | D:2      | Found a burning altar of Makhleb.
   916 | D:2      | Found a shimmering altar of Xom.
   919 | D:2      | Became a worshipper of Makhleb the Destroyer
   984 | D:3      | Noticed Ijyb
   992 | D:3      | Killed Ijyb
   992 | D:3      | Reached XP level 4. HP: 32/39 MP: 3/3
  1098 | D:3      | Found a glowing drain.
  1179 | Sewer    | Entered a sewer
  1211 | Sewer    | Noticed a big kobold
  1222 | Sewer    | Killed a big kobold
  1222 | Sewer    | Reached skill level 6 in Axes
  1222 | Sewer    | Reached XP level 5. HP: 16/45 MP: 4/4
  1451 | Sewer    | Reached skill level 7 in Axes
  1591 | Sewer    | Reached * piety under Makhleb
  1613 | Sewer    | Gained mutation: You passively map a small area around you. [potion of mutation]
  1613 | Sewer    | Gained mutation: Your spells are a little harder to cast, but a little more powerful. [potion of mutation]
  1613 | Sewer    | Slain by a river rat

Skill      XL: |  1  2  3  4  5 |
---------------+----------------+-----
Axes           | 3 4 5 6 7 |  7.4
Fighting       | |  3.6
Armour         | |  3.6
Shields        | |  3.6

Action                   |  1- 3 |  4- 6 || total
-------------------------+-------+-------++-------
Melee: War axe           |    85 |    69 ||   154
       Headbutt          |     8 |     4 ||    12
  Use: Scroll            |     5 |       ||     5
       Potion            |       |     1 ||     1
  Eat: Chunk             |       |     2 ||     2
Armor: Scale mail        |    40 |    36 ||    76
Dodge: Dodged            |    32 |    25 ||    57
Block: Shield            |    50 |    38 ||    88
